 Dungeon Crawl Stone Soup version 0.30-a0-916-g9813417 (webtiles) character file.

Game seed: 2970892037070190664

636 Dorkslayer the Trooper (level 7, -1/44 HPs)
             Began as a Gargoyle Fighter on Apr 17, 2023.
             Was an Initiate of Gozag.
             Slain by a sleepcap (7 damage)
             ... on level 5 of the Dungeon.
             The game lasted 00:10:54 (3378 turns).

Dorkslayer the Trooper (Gargoyle Fighter)           Turns: 3378, Time: 00:10:55

Health: -1/44      AC: 19    Str: 19    XL:     7   Next: 50%
Magic:  7/7        EV:  8    Int:  9    God:    Gozag
Gold:   155        SH:  4    Dex: 11    Spells: 6/6 levels left

rFire   . . .      SeeInvis .    a - +0 war axe
rCold   . . .      Faith    .    c - +0 buckler
rNeg    + . .      Spirit   .    z - +0 chain mail
rPois   ∞          Reflect  .    (no helmet)
rElec   +          Rampage  .    l - scarf {repulsion}
rCorr   .                        (no gloves)
Will    .....                    h - +0 pair of boots Stlth
                                 (no amulet)
HPRegen 0.27/turn                j - +4 ring of protection
MPRegen 0.10/turn                (no ring)

@: repel missiles
A: sickness immunity, AC +4, negative energy resistance 1, electricity
resistance, torment resistance 1, petrification resistance
a: Renounce Religion, Potion Petition, Call Merchant, Bribe Branch


You were on level 5 of the Dungeon.
You worshipped Gozag.
Gozag was aware of your devotion.
You visited 2 branches of the dungeon, and saw 6 of its levels.

You collected 215 gold pieces.
You paid 60 gold pieces to Gozag.

Inventory:

Hand Weapons
 a - a +0 war axe (weapon)
Armour
 c - a +0 buckler (worn)
 h - a +0 pair of boots (worn)
 l - a scarf of repulsion (worn)
 z - a +0 chain mail (worn)
Jewellery
 j - a +4 ring of protection (left hand)
Wands
 u - a wand of flame (14)
 v - a wand of charming (4)
 y - a wand of quicksilver (11)
Scrolls
 f - 3 scrolls of fog {unknown}
 g - a scroll of amnesia {unknown}
 i - 3 scrolls of identify {unknown}
 n - a scroll of enchant weapon {unknown}
 o - a scroll of blinking {unknown}
 p - a scroll of fear {unknown}
 s - a scroll of silence {unknown}
 t - a scroll of enchant armour {unknown}
 w - 2 scrolls of teleportation {unknown}
Potions
 d - a potion of brilliance {unknown}
 e - 2 potions of cancellation {unknown}
 k - a potion of mutation {unknown}
 m - 2 potions of lignification {unknown}
 q - a potion of curing
 r - 3 potions of haste {unknown}
 x - a potion of ambrosia


   Skills:
 + Level 4.7 Fighting
 + Level 4.6 Axes
 + Level 4.7 Armour
 * Level 2.7 Dodging
 + Level 0.5 Stealth
 + Level 4.2 Shields


You had 6 spell levels left.
You didn't know any spells.
Your spell library contained the following spells:

 Spells                   Type           Power      Damage    Failure   Level
 Poisonous Vapours        Pois/Air       0%         N/A       100%        2
 Mephitic Cloud           Conj/Pois/Air  0%         N/A       100%        3
 Cigotuvi's Dreadful Rot  Necr/Pois/Air  Unusable   N/A       N/A         2

Dungeon Overview and Level Annotations

Branches:
Dungeon (5/15)             Temple (1/1) D:5

Altars:
Cheibriados
Elyvilon
Fedhas
Gozag
Hepliaklqana
Nemelex Xobeh
Okawaru
Qazlal
Uskayaw
Vehumet
Wu Jian
Xom
Yredelemnul
Zin
The Shining One

Shops:
D:1 *   D:3 *

Annotations:
D:5 2 transporters, Dega's ghost, novice OpFi


Innate Abilities, Weirdness & Mutations

You are immune to sickness and miasma.
Your stone body is resilient. (AC +4)
You are immune to poison.
You resist negative energy. (rN+)
You are resistant to electric shocks. (rElec)
You are resistant to unholy torment.
You are immune to petrification.


Message History

You closely miss the orc priest. You closely miss the orc.
The orc is no longer distracted by gold.
The orc priest hits you but does no damage.
The orc barely misses you.
You completely miss the orc priest. You hit the orc. The orc barely misses you.
The orc priest calls down the wrath of Beogh upon you.
Pain shoots through your body!
You hit the orc priest.
The orc priest is moderately wounded.
You hit the orc. You hit the sleepcap. You block the orc's attack.
The sleepcap releases spores at you but does no damage.
The orc priest hits you but does no damage.
The orc hits you but does no damage.
The orc priest hits you but does no damage.
The sleepcap barely misses you.
You closely miss the orc priest.
The orc priest is moderately wounded.
You barely miss the orc. You hit the sleepcap but do no damage.
The orc priest hits you but does no damage.
The orc hits you with a +0 hand axe.
The sleepcap releases spores at you but does no damage.
You hit the orc priest.
The orc priest is moderately wounded.
You barely miss the orc. You slash the sleepcap!
The orc hits you but does no damage.
The orc priest hits you but does no damage.
The sleepcap releases spores at you but does no damage.
Unknown command.
You slash the sleepcap!
The sleepcap is severely damaged.
You barely miss something. You closely miss the orc priest.
You barely miss the orc. The orc hits you but does no damage.
Something hits you but does no damage.
The sleepcap releases spores at you but does no damage.
The orc priest mumbles some strange prayers to Beogh against you.
Beogh smites you!
* * * LOW HITPOINT WARNING * * *
The sleepcap releases spores at you!
You die...
Your body crumbles into a pile of gold.

.....#...#...#......### $
...[....###..........#
..###..#.#.#.........## ..#
##...#...=........#
..####...#........).#.###
.......#)[..............#
##.....#<)..............#
.......[[[.##...........# :
##.....#..###..$@.......#..
#.....#.^# #..ofo.......#
###.......###............##
#...##.....................
..########.#...............
.## #...#............. .#
###............... ##
##.............. #
#.....<..#.....


You could see a sleepcap, an orc priest and an orc.

Vanquished Creatures
  A black bear (D:5)
  A phantom (D:4)
  2 scorpions (D:4)
  A jelly (D:4)
  An orc priest (D:3)
  2 hounds
  A sleepcap (D:5)
  An orc wizard (D:5)
  A mummy (D:4)
  6 adders
  2 white imps (D:5)
  A dart slug (D:4)
  15 orcs
  10 ball pythons
  9 bats
  4 endoplasms
  A giant cockroach (D:1)
  12 hobgoblins
  6 jackals (D:1)
  3 kobolds
  4 quokkas
  2 frilled lizards
  5 goblins
  5 rats
96 creatures vanquished.

Vanquished Creatures (others)
  7 plants (D:2)
  10 withered plants (D:2)
17 creatures vanquished.

Grand Total: 113 creatures vanquished

Notes
Turn   | Place    | Note
-------+----------+-------------------------------------------
     0 | D:1      | Dorkslayer the Gargoyle Fighter began the quest for the
                  | Orb.
     0 | D:1      | Reached XP level 1. HP: 14/14 MP: 1/1
    14 | D:1      | Found Zuqoaluw's Assorted Antiques.
    29 | D:1      | Reached XP level 2. HP: 13/19 MP: 2/2
   318 | D:1      | Reached XP level 3. HP: 22/23 MP: 3/3
   833 | D:2      | Found a faded altar of an unknown god.
   846 | D:2      | Prayed at the altar of an unknown god.
   846 | D:2      | Became a worshipper of Vehumet
   846 | D:2      | Reached * piety under Vehumet
   846 | D:2      | Offered knowledge of Magic Dart by Vehumet.
  1004 | D:2      | Reached skill level 1 in Dodging
  1004 | D:2      | Reached XP level 4. HP: 29/29 MP: 4/4
  1585 | D:3      | Found Vuocymmu's General Store.
  1670 | D:3      | Reached XP level 5. HP: 12/33 MP: 5/5
  2245 | D:4      | Identified the +0 ring mail "Wuninihac" {Str-5 Int+3}
  2254 | D:4      | Reached ** piety under Vehumet
  2272 | D:4      | Noticed a phantom
  2290 | D:4      | Killed a phantom
  2290 | D:4      | Offered knowledge of Searing Ray by Vehumet.
  2291 | D:4      | Reached XP level 6. HP: 33/38 MP: 6/6
  2583 | D:4      | Found a snail-covered altar of Cheibriados.
  2831 | D:5      | Entered Level 5 of the Dungeon
  2909 | D:4      | Reached XP level 7. HP: 31/44 MP: 7/7
  2992 | D:5      | Found a staircase to the Ecumenical Temple.
  3005 | Temple   | Entered the Ecumenical Temple
  3064 | Temple   | Fell from the grace of Vehumet
  3064 | Temple   | Became a worshipper of Gozag Ym Sagoz the Greedy
  3251 | D:5      | Found a transporter.
  3270 | D:5      | Found a transporter.
  3282 | D:5      | Noticed Dega's ghost (novice OpFi)
  3359 | D:5      | Identified the +0 leather armour "Bezxong" {Harm}
  3378 | D:5      | Slain by a sleepcap

Illustrated notes

Levels and vault maps discovered:
D:1:      scummos_arrival_hexagon, layout_basic, serial_shops, shop, st_stairs_3
D:2:      layout_loops_ring, shapermc_ecumenical_altar_flowoftime,
          chequers_serial_rivers_micro_b, serial_park_tiny_pond
D:3:      layout_loops_ring, serial_shops, shop
D:4:      minmay_diamond_boxcup, layout_rooms, slow_altar_2
D:5:      layout_rooms, grunt_temple_overflow_magic_moments, demons_altar,
          minmay_temple_entry_arrows, gammafunk_ghost_hive
Temple:   hellmonk_temple_forest_ring

Skill      XL: |  1  2  3  4  5  6 |
---------------+-------------------+-----
Axes           | 2 3 4 |  4.6
Dodging        | 1 2 |  2.7
Fighting       | 4 |  4.7
Armour         | 4 |  4.7
Shields        | 4 |  4.2
Stealth        | |  0.5

Action                     |  1- 3 |  4- 6 |  7- 9 || total
---------------------------+-------+-------+-------++-------
  Melee: War axe           |   149 |   183 |    61 ||   393
    Use: Potion            |       |     2 |       ||     2
 Armour: Scale mail        |   118 |   137 |    52 ||   307
         Chain mail        |       |       |    17 ||    17
  Dodge: Dodged            |    90 |   121 |    38 ||   249
         Repelled          |       |       |     1 ||     1
  Block: Buckler           |    49 |    35 |    25 ||   109

Table legend: (Time is in decaauts)
 A = Elapsed time spent in this place.
 B = Non-inter-level travel time spent in this place.
 C = Inter-level travel time spent in this place.
 D = Time resting spent in this place.
 E = Time spent auto-exploring this place.
 F = Levels seen in this place.
 G = Mean time per level.
                   A        B        C        D        E       F      G
               +--------+--------+--------+--------+--------+-----+--------+
         Total |   3532 |   3532 |      0 |     79 |   1337 |   6 |  588.7 |
       Dungeon |   3454 |   3454 |      0 |     79 |   1324 |   5 |  690.8 |
        Temple |     78 |     78 |      0 |      0 |     13 |   1 |   78.0 |
               +--------+--------+--------+--------+--------+-----+--------+

Top non-repeatable levels by time:
     D:4: 890 daAuts
     D:3: 831 daAuts
     D:1: 698 daAuts
     D:2: 655 daAuts
     D:5: 377 daAuts
  Temple: 78 daAuts
